 Dungeon Crawl Stone Soup version 0.16.1-5-gaa23807 (webtiles) character file.

53 inmateoo the Conjurer (level 3, -1/21 HPs)
             Began as an Octopode Conjurer on Mar 28, 2015.
             Hit by a goblin thrown by Robin (2 damage)
             ... on level 2 of the Dungeon.
             The game lasted 00:02:20 (1307 turns).

inmateoo the Conjurer (Octopode Conjurer)           Turns: 1307, Time: 00:02:20

Health: -1/21      AC:  1    Str:  7    XL:     3   Next: 89%
Magic:  7/15       EV: 14    Int: 18    God:
Gold:   64         SH:  0    Dex: 16    Spells: 3 memorised, 0 levels left

rFire  . . .     SeeInvis .     j - +1 war axe (chop)
rCold  . . .     Clarity  .     (no shield)
rNeg   . . .     SustAb   .     (helmet restricted)
rPois  .         Gourm    .     (no amulet)
rElec  .         Spirit   .     h - +1 ring of evasion
rCorr  .         Warding  .     o - ring of magical power
rMut   .         Stasis   .     p - +4 ring of dexterity
MR     .....                    (no ring)
Stlth  ++++......               (no ring)
                                (no ring)
                                (no ring)
                                (no ring)

@: not resistant to hostile enchantments, stealthy
A: almost no armour, amphibious, 8 rings, constrict 8, camouflage 1, gelatinous
body 1
a: no special abilities


You were on level 2 of the Dungeon.
You were not hungry.

You visited 1 branch of the dungeon, and saw 2 of its levels.

You collected 64 gold pieces.

Inventory:

Hand weapons
 j - a +1 war axe of chopping (weapon)
Jewellery
 e - an uncursed ring of flight
 h - a +1 ring of evasion (left tentacle)
 o - a ring of magical power (right tentacle)
 p - a +4 ring of dexterity (on tentacle)
Scrolls
 f - a scroll of enchant weapon
Potions
 a - a potion of ambrosia {unknown}
 d - a potion of brilliance {unknown}
 g - a potion of curing {unknown}
 l - 2 potions of cancellation
 m - a potion of heal wounds {unknown}
 n - a potion of cure mutation {unknown}
Books
 c - a book of Conjurations

   Spells                             Type                      Level
   a - Magic Dart                     Conjuration                  1
   b - Searing Ray                    Conjuration                  2
   c - Dazzling Spray                 Conjuration/Hexes            3
   d - Fulminant Prism                Conjuration/Hexes            4
   e - Iskenderun's Mystic Blast      Conjuration                  4
   f - Iskenderun's Battlesphere      Conjuration/Charms           5
Comestibles
 b - a bread ration
 i - 2 meat rations


   Skills:
 + Level 2.5 Dodging
 + Level 3.9 Stealth
 + Level 2.2 Spellcasting
 * Level 4.5 Conjurations


You couldn't memorise any spells.
You knew the following spells:

 Your Spells              Type           Power        Failure   Level  Hunger
a - Magic Dart            Conj           ###.         2%          1    #......
b - Searing Ray           Conj           ###...       4%          2    ##.....
c - Dazzling Spray        Conj/Hex       ##......     24%         3    ###....


Dungeon Overview and Level Annotations

Branches:
Dungeon (2/15)

Altars:
Dithmenos

Annotations:
D:2 Robin


Innate Abilities, Weirdness & Mutations

You cannot wear most types of armour.
You are amphibious.
You can wear up to eight rings at the same time.
You can use your tentacles to constrict many enemies at once.
Your skin changes colour to match your surroundings (Stealth).
Your rubbery body absorbs attacks (AC +1).


Message History

You hit the goblin. You grab the goblin.
The goblin is heavily wounded.
You hit the kobold.
You kill the kobold!
You barely miss the goblin. You constrict the goblin.
The goblin barely misses you. The goblin hits you but does no damage.
You hit the goblin.
You kill the goblin!
You closely miss the goblin. You hit the goblin.
You kill the goblin!
Robin roars a battlecry!
The goblin goes into a battle-frenzy!
The goblin hits you but does no damage. Robin barely misses you.
The goblin hits you with a dagger.
* * * LOW HITPOINT WARNING * * *
Unknown command.
Drink which item? (? for menu, Esc to quit)
It was a potion of cancellation.
You feel magically purged. Robin throws the goblin at you!
You die...

#(...†÷))...# #.#
#####..##...###.# ...######
#)###§§§##..# #.......###.#
##§###.##
###..g..#######..###
##.....#..g.####.#..######
##.......###..g...)<.......
#.........#####..###...####
##...†...g@g...............
##..†..####.########..[...
####### #.# #.##### .#
#.#.... ## #.#.... #.#....
#....._ #.#.... #.#....


You could see Robin, a hobgoblin (frenzied) and a goblin (frenzied).

Vanquished Creatures
  An adder (D:2)
  2 giant geckos (D:1)
  An ooze (D:1)
  3 bats
  3 giant cockroaches
  4 hobgoblins
  3 quokkas (D:2)
  4 giant newts
  14 goblins
  4 kobolds
  5 rats
44 creatures vanquished.

Notes
Turn   | Place    | Note
--------------------------------------------------------------
     0 | D:1      | inmateoo, the Octopode Conjurer, began the quest for the Orb.
     0 | D:1      | Reached XP level 1. HP: 11/11 MP: 3/3
   337 | D:1      | Reached XP level 2. HP: 12/17 MP: 0/4
   647 | D:1      | Learned a level 2 spell: Searing Ray
  1079 | D:2      | Reached XP level 3. HP: 21/21 MP: 6/6
  1084 | D:2      | Learned a level 3 spell: Dazzling Spray
  1103 | D:2      | Noticed Robin
  1222 | D:2      | Found a shadowy altar of Dithmenos.
  1306 | D:2      | HP: 1/21 [goblin/dagger[Robin] (3)]
  1307 | D:2      | Hit by a goblin thrown by Robin

Action                   || total
-------------------------++-------
Melee: Unarmed           ||    15
       War axe           ||     7
 Cast: Magic Dart        ||    57
       Searing Ray       ||     3
  Use: Scroll            ||     5
       Potion            ||     1
 Stab: Sleeping          ||     2
  Eat: Chunk             ||     2
